 Dungeon Crawl Stone Soup version 0.15-a0-2130-g28e4b74 (webtiles) character file.

114 Conan321 the Shield-Bearer (level 4, -5/40 HPs)
             Began as a Minotaur Fighter on July 17, 2014.
             Was an Initiate of Qazlal.
             Killed by divine providence
             ... invoked by an orc priest
              (14 damage)
             ... on Level 3 of the Dungeon.
             The game lasted 00:07:09 (2215 turns).

Conan321 the Shield-Bearer (Minotaur Fighter)       Turns: 2215, Time: 00:07:11

HP  -5/40        AC  7     Str 22      XL: 4   Next: 67%
MP   2/2         EV  7     Int  5      God: Qazlal [......]
Gold 185         SH  9     Dex  9      Spells:  0 memorised,  3 levels left

rFire  + . .     SeeInvis .     N - +2 war axe (elec)
rCold  x . .     Clarity  .     I - +0 scale mail
rNeg   . . .     rCorr    .     c - +0 shield
rPois  .         rRot     .     (helmet restricted)
rElec  .         Spirit   .     (no cloak)
SustAb +         Warding  .     (no gloves)
rMut   .         Stasis   .     (no boots)
Gourm  .                        (no amulet)
MR     .....                    l - ring of sustain abilities
                                g - ring of fire

@: not resistant to hostile enchantments, extremely unstealthy
A: retaliatory headbutt, horns 2
a: Renounce Religion


You were on level 3 of the Dungeon.
You worshipped Qazlal.
Qazlal was noncommittal.
You were not hungry.

You visited 1 branch of the dungeon, and saw 3 of its levels.

You collected 185 gold pieces.

Inventory:

Hand weapons
 a - a +0 long sword
 b - a +0 hunting sling
 N - a +2 war axe of electrocution (weapon)
Missiles
 v - 95 stones (quivered)
 y - 17 poisoned sling bullets
 B - 13 arrows
 K - 25 bolts
Armour
 c - a +0 shield (worn)
 I - a +0 scale mail (worn)
Magical devices
 G - a wand of enslavement (22) {unknown}
 M - a wand of paralysis (5) {unknown}
Comestibles
 d - 3 bread rations
 o - 2 meat rations
 q - a beef jerky
Scrolls
 f - 4 scrolls of remove curse
 i - 2 scrolls of fog {unknown}
 k - a scroll of noise {unknown}
 m - 4 scrolls of blinking {unknown}
 t - a scroll of random uselessness {unknown}
 w - a scroll of fear {unknown}
 x - 2 scrolls of enchant armour {unknown}
 F - a scroll of teleportation {unknown}
 J - 2 scrolls of identify {unknown}
Jewellery
 g - a ring of fire (left hand)
 l - a ring of sustain abilities (right hand)
 D - an uncursed ring of wizardry
 E - an uncursed ring of flight {unknown}
 H - an uncursed amulet of warding {unknown}
Potions
 e - a potion of might
 h - 2 potions of cancellation
 j - 3 potions of curing
 n - a potion of agility {unknown}
 p - a potion of flight {unknown}
 r - 2 potions of restore abilities {unknown}
 s - a potion of resistance {unknown}
 u - a potion of brilliance {unknown}
 z - a potion of heal wounds {unknown}
 A - a potion of confusion {unknown}
 L - 2 potions of lignification {unknown}


   Skills:
 + Level 4.1 Fighting
 + Level 3.5 Long Blades
 + Level 1.3 Slings
 + Level 4.2 Armour
 + Level 1.5 Dodging
 + Level 0.1 Stealth
 + Level 4.3 Shields


You had 3 spell levels left.
You didn't know any spells.

Dungeon Overview and Level Annotations

Branches:
Dungeon (3/15)

Altars:
Qazlal


Innate Abilities, Weirdness & Mutations

You reflexively headbutt those who attack you in melee.
You have a pair of horns on your head.


Message History

You block the orc's attack.
The orc priest looks braver.
You barely miss the orc. Your headbutt misses the orc.
You block the orc's attack.
The orc priest calls down the wrath of Beogh upon you.
Something smites you!
* * * LOW HITPOINT WARNING * * *
The orc hits you but does no damage.
Drink which item? (? for menu, Esc to quit)
It was a potion of cancellation.
Drink which item? (? for menu, Esc to quit)
You feel better.
It was a potion of curing.
The orc hits you with a flail.
Read which item? (? for menu, Esc to quit)
As you read the scroll labeled POYTHE FRESUCYLOUGH, it crumbles to dust.
You feel blessed for a moment.
It was a scroll of remove curse.
The orc hits you with a flail.
* * * LOW HITPOINT WARNING * * *
The orc priest mumbles some strange prayers to Beogh against you.
Something smites you!
You die...

#................##.#
###.#####.####.####.#
#.# #.# #.# #.# #.#
#.# #.# #.# #.# #.#
.# #.# #.# #.# . #.#
#.# #.# ..#
###o#####.# ###
#(.oo@..%)#
#.#(####### #o......#
.o.....)# .#########
##


You could see an orc priest and 2 orcs.

Vanquished Creatures
  An orc wizard (D:3)
  3 adders
  A giant gecko (D:1)
  An ooze (D:3)
  An orc (D:3)
  10 bats
  5 giant cockroaches
  7 goblins
  4 hobgoblins
  6 jackals
  2 ball pythons
  6 giant newts
  4 kobolds
  6 rats
57 creatures vanquished.

Notes
Turn   | Place    | Note
--------------------------------------------------------------
     0 | D:1      | Conan321, the Minotaur Fighter, began the quest for the Orb.
     0 | D:1      | Reached XP level 1. HP: 19/19 MP: 1/1
   431 | D:1      | Reached XP level 2. HP: 27/27 MP: 1/1
   528 | D:1      | Reached skill level 4 in Armour
   820 | D:2      | Reached XP level 3. HP: 31/33 MP: 2/2
   880 | D:2      | Reached skill level 1 in Dodging
  1625 | D:3      | Found a stormy altar of Qazlal.
  1713 | D:3      | Became a worshipper of Qazlal Stormbringer
  1782 | D:3      | Reached XP level 4. HP: 40/40 MP: 2/2
  2185 | D:3      | Reached skill level 1 in Slings
  2215 | D:3      | Killed from afar by an orc priest

Action                   |  1- 3 |  4- 6 || total
-------------------------+-------+-------++-------
Melee: Long sword        |    93 |     9 ||   102
       War axe           |       |     1 ||     1
 Fire: Hunting sling     |    16 |    23 ||    39
Throw: Tomahawk          |       |     2 ||     2
  Use: Potion            |       |     2 ||     2
       Scroll            |       |     1 ||     1
  Eat: Chunk             |     3 |     1 ||     4
